cohdb
Replays
Latest Replays
All Replays
Popular Replays
Top Player Replays
Match Explorer
How It Works
Community
CoH3 Stats
Reddit
Sign in to upload your games and track your stats! →
Sign in with Steam
Match 48525158
Unlisted
Match 48525158
Overview
Messages
Build Orders
End
Construct Infanterie Kompanie
Grenadier Squad
MG 42 Machine Gun Team
Grenadier Squad
Sniper
Construct Luftwaffe Kompanie
Medical Station
Jäger Squad
Flak 30 Anti-aircraft Gun Team
Support Elements
Jäger Squad
Jäger Squad
Wirbelwind Flakpanzer
Selects Breakthrough Battlegroup
Selects Breakthrough Battlegroup
Selects Breakthrough Battlegroup
Selects Assault Grenadiers
Selects Rapid Production
Selects Blitzkrieg
Luftwaffe Officer Quarters
Jäger Squad
Marder III M Tank Destroyer
Marder III M Tank Destroyer
Marder III M Tank Destroyer
h
ZyAcroQC
0
0
Comments
sign in to comment!
No comments posted yet!